 Dungeon Crawl Stone Soup version 0.28-a0-895-g6e5f11bd55 (webtiles) character file.

Game seed: 15726105035599893939

153 funkygono the Shield-Bearer (level 5, 0/33 HPs)
             Began as a Gargoyle Fighter on Nov 22, 2021.
             Shot with an arrow by a centaur (5 damage)
             ... on level 3 of the Dungeon.
             The game lasted 00:04:36 (2489 turns).

funkygono the Shield-Bearer (Gargoyle Fighter)      Turns: 2489, Time: 00:04:37

Health: 0/33       AC: 12    Str: 20    XL:     5   Next: 35%
Magic:  5/5        EV:  9    Int:  9    God:
Gold:   42         SH:  4    Dex:  9    Spells: 1/4 levels left

rFire   . . .      SeeInvis .   a - +0 flail
rCold   . . .      Faith    .   c - +0 buckler
rNeg    + . .      Spirit   .   b - +0 scale mail
rPois   ∞          Reflect  .   j - +0 helmet
rElec   +          Harm     .   (no cloak)
rCorr   .          Rampage  .   (no gloves)
Will    .....                   (no boots)
Stlth   ..........              (no amulet)
HPRegen 0.11/turn               (no ring)
MPRegen 0.09/turn               (no ring)

@: no status effects
A: sickness immunity, AC +4, negative energy resistance 1, electricity
resistance, torment resistance 1, petrification resistance
a: no special abilities


You were on level 3 of the Dungeon.
You visited 1 branch of the dungeon, and saw 3 of its levels.

You collected 42 gold pieces.

Inventory:

Hand Weapons
 a - a +0 flail (weapon)
Missiles
 e - 75 stones (quivered)
Armour
 b - a +0 scale mail (worn)
 c - a +0 buckler (worn)
 j - a +0 helmet (worn)
Magical Staves
 i - a staff of earth
Jewellery
 k - a ring of protection from cold
Scrolls
 l - a scroll of acquirement {unknown}
 m - a scroll of teleportation
Potions
 d - a potion of might
 f - 2 potions of cancellation
 g - a potion of curing {unknown}
 h - 2 potions of haste {unknown}


   Skills:
 + Level 3.9 Fighting
 + Level 3.6 Maces & Flails
 + Level 0.2 Throwing
 + Level 4.0 Armour
 + Level 0.5 Dodging
 + Level 4.1 Shields
 * Level 0.1 Spellcasting
 * Level 0.1 Earth Magic


You had one spell level left.
You knew the following spells:

 Your Spells              Type           Power      Damage    Failure   Level
a - Stone Arrow           Conj/Erth      0%         3d7       97%         3

Your spell library contained the following spells:

 Spells                   Type           Power      Damage    Failure   Level
 Conjure Flame            Conj/Fire      0%         6-21      98%         3
 Ignite Poison            Fire/Tmut/Pois 0%         N/A       98%         3
 Animate Armour           Summ/Erth      0%         N/A       100%        4
 Sticky Flame             Conj/Fire      0%         2d3       100%        4
 Lehudib's Crystal Spear  Conj/Erth      0%         10d2      100%        8


Dungeon Overview and Level Annotations

Branches:
Dungeon (3/15)

Altars:

Shops:
D:1 (   D:3 [


Innate Abilities, Weirdness & Mutations

You are immune to sickness and miasma.
Your stone body is resilient. (AC +4)
You are immune to poison.
You resist negative energy. (rN+)
You are resistant to electric shocks. (rElec)
You are resistant to unholy torment.
You are immune to petrification.


Message History

A ball python, an orc and a dart slug come into view.
Found a hunting sling and 19 gold pieces.
The centaur unwields a +0 shortbow.
The centaur misses you.
The centaur kicks you but does no damage.
You sock the centaur!
The centaur is moderately wounded.
The centaur closely misses you. You block the centaur's attack.
The orc hits you but does no damage.
The centaur hits you but does no damage.
The centaur kicks you but does no damage.
You barely miss the centaur.
The centaur is moderately wounded.
The centaur hits you. The centaur barely misses you.
The orc hits you but does no damage.
The centaur hits you but does no damage.
The centaur kicks you. The orc hits you but does no damage.
You completely miss the centaur.
The centaur is moderately wounded.
The centaur hits you but does no damage.
The centaur kicks you but does no damage.
The orc closely misses you. The centaur misses you. The centaur kicks you.
You barely miss the centaur.
The centaur is moderately wounded.
The centaur closely misses you.
The centaur kicks you but does no damage.
The orc hits you but does no damage.
The centaur hits you but does no damage.
You block the centaur's attack.
The centaur wields a +0 shortbow.
The centaur shoots an arrow.
You block the arrow.
The centaur shoots an arrow.
The arrow hits you but does no damage.
The centaur shoots an arrow.
The arrow hits you.
* * * LOW HITPOINT WARNING * * *
The centaur shoots an arrow.
The arrow hits you.
* * * LOW HITPOINT WARNING * * *
The centaur shoots an arrow.
The arrow barely misses you.
The centaur shoots an arrow.
The arrow hits you.
* * * LOW HITPOINT WARNING * * *
The centaur shoots an arrow.
The arrow hits you.
You die...

#..w.#...# #......#
#)..oS...## ##...#..
#.o..# #...#.# #c...# .#
#...... ..####....#...#
#...### ................
##...#∩#
########.#######
#....#'# #...# ###.##.#
####.@####### #......#
#...........###.#.....
....#########.##.....<.#
... #.............#...##
. #.###########.#.#..#
#.#.......# #.#.##..
#.#.......# #......#
#.#)......# ###.####
#.#.......# ###.####


You could see a centaur.

Vanquished Creatures
  A necrophage (D:2)
  3 worms
  2 dart slugs (D:1)
  4 endoplasms
  3 giant cockroaches (D:1)
  5 hobgoblins
  4 kobolds
  8 quokkas
  5 ball pythons
  8 bats
  2 frilled lizards
  4 goblins
  7 rats
56 creatures vanquished.

Notes
Turn   | Place    | Note
-------+----------+-------------------------------------------
     0 | D:1      | funkygono the Gargoyle Fighter began the quest for the Orb.
     0 | D:1      | Reached XP level 1. HP: 14/14 MP: 1/1
   268 | D:1      | Reached XP level 2. HP: 19/19 MP: 2/2
   351 | D:1      | Found a faded altar of an unknown god.
   531 | D:1      | Reached XP level 3. HP: 17/23 MP: 3/3
   705 | D:1      | Found Poris's Antique Weapon Shoppe.
  1471 | D:2      | Noticed a necrophage
  1491 | D:2      | Killed a necrophage
  1492 | D:2      | Reached XP level 4. HP: 16/29 MP: 4/4
  1492 | D:2      | Reached XP level 5. HP: 18/33 MP: 5/5
  1724 | D:2      | Learned a level 3 spell: Stone Arrow
  2436 | D:3      | Found Vaken's Armour Shoppe.
  2476 | D:3      | Noticed a centaur
  2489 | D:3      | Shot with an arrow by a centaur

Illustrated notes

Levels and vault maps discovered:
D:1:      psy_arrival_conway, layout_basic, dreamdust_ecumenical_altar_statues,
          serial_shops, shop, grunt_decor_resistance, minivault_25
D:2:      layout_basic, minmay_crystal_water, minmay_cupped
D:3:      minmay_recursive_quarters, layout_loops_cross,
          serial_co_window_serial, co_window_paths_a, co_window_corner_a,
          co_window_corner_a, co_window_paths_a, co_window_of_opportunity_a,
          co_window_corner_cb, co_window_corner_cb, co_window_unsneaky_path_a,
          co_window_corner_ca, glass_columns_b, glass_columns_b,
          glass_columns_c, glass_columns_a, glass_columns_b, serial_shops,
          nicolae_shop_window_shopping

Skill      XL: |  1  2  3  4  5 |
---------------+----------------+-----
Shields        | 4 |  4.1
Maces & Flails | 3 |  3.6
Armour         | 4 |  4.0
Fighting       | |  3.9
Throwing       | |  0.2
Dodging        | |  0.5
Spellcasting   | |  0.1
Earth Magic    | |  0.1

Action                   |  1- 3 |  4- 6 || total
-------------------------+-------+-------++-------
Melee: Flail             |   122 |    60 ||   182
Throw: Stone             |    15 |     2 ||    17
  Use: Scroll            |     3 |     3 ||     6
Armor: Scale mail        |    44 |    34 ||    78
Dodge: Dodged            |    83 |    26 ||   109
Block: Buckler           |    28 |    12 ||    40

Table legend: (Time is in decaauts)
 A = Elapsed time spent in this place.
 B = Non-inter-level travel time spent in this place.
 C = Inter-level travel time spent in this place.
 D = Time resting spent in this place.
 E = Time spent auto-exploring this place.
 F = Levels seen in this place.
 G = Mean time per level.
                   A        B        C        D        E       F      G
               +--------+--------+--------+--------+--------+-----+--------+
         Total |   2548 |   2479 |     69 |     46 |   1891 |   3 |  849.3 |
       Dungeon |   2548 |   2479 |     69 |     46 |   1891 |   3 |  849.3 |
               +--------+--------+--------+--------+--------+-----+--------+

Top non-repeatable levels by time:
     D:1: 1077 daAuts
     D:2: 1075 daAuts
     D:3: 395 daAuts
